[Event "*** Titled Tuesday Blitz AM"]
[Site "Chess.com"]
[Date "2020.01.07"]
[Round "2"]
[White "esskeettit"]
[Black "AleksanderHnydiuk"]
[Result "0-1"]
[WhiteElo "2445"]
[BlackElo "2254"]
[TimeControl "180+2"]
[EndTime "9:22:14 PST"]
[Termination "AleksanderHnydiuk won by resignation"]

1. d4 Nf6 2. c4 g6 3. Nf3 Bg7 4. e3 O-O 5. Be2 c5 6. O-O cxd4 7. exd4 d5 8. c5 Nc6 9. Nc3 Ne4 10. Be3 Bg4 11. Qc2 Nxc3 12. bxc3 b6 13. cxb6 Qxb6 14. Rab1 Qc7 15. Rb5 Rac8 16. Qb3 e6 17. Rc1 Na5 18. Qa4 Bxf3 19. Bxf3 Nc4 20. Bg5 h6 21. Bh4 Qf4 22.
Rcb1 Qxh4 23. Be2 Rc7 24. g3 Qe7 25. Qa6 Kh7 26. Bd3 Rfc8 27. Re1 Qa3 28. Qxa3 Nxa3 29. Ra5 Rxc3 30. Ba6 R8c7 31. Bf1 Nc2 0-1

[Event "*** Titled Tuesday Blitz AM"]
[Site "Chess.com"]
[Date "2020.01.07"]
[Round "2"]
[White "przemekpiotrowski"]
[Black "albano87"]
[Result "0-1"]
[WhiteElo "2400"]
[BlackElo "2060"]
[TimeControl "180+2"]
[EndTime "9:22:14 PST"]
[Termination "albano87 won by checkmate"]

1. d4 Nf6 2. Nf3 e6 3. g3 c5 4. Bg2 Nc6 5. O-O cxd4 6. Nxd4 d5 7. c4 Bc5 8. Nb3 Be7 9. Nc3 dxc4 10. Nd2 Nd5 11.
Qc2 Bf6 12. Nxd5 exd5 13. e4 Nd4 14. Qd1 dxe4 15. Nxe4 O-O 16. Be3 Nf5 17. Bc5 Re8 18. Re1 Bxb2 19. Qh5 Bxa1 20. Rxa1 h6 21. Rd1 Qc7 22.
g4 Bd7 23. gxf5 Bc6 24. Nd6 Bxg2 25. Kxg2 Qxc5 26. Qxf7+ Kh8 27. Nxe8 Qc6+ 28. Kg1 Rxe8 29. Rd7 Re1# 0-1

[Event "*** Titled Tuesday Blitz AM"]
[Site "Chess.com"]
[Date "2020.01.07"]
[Round "2"]
[White "M1711"]
[Black "Nathan_Filgueiras"]
[Result "1-0"]
[WhiteElo "2531"]
[BlackElo "2316"]
[TimeControl "180+2"]
[EndTime "9:22:17 PST"]
[Termination "M1711 won by resignation"]

1. d4 Nf6 2. Bg5 e6 3. e4 h6 4. Bxf6 Qxf6 5. c3 g6 6. Bd3 Bg7 7. Ne2 O-O 8. O-O Qe7 9. f4 d6 10. Nd2 b6 11. e5 Bb7 12. Ne4 Nd7 13. N2g3 Bxe4 14. Bxe4 d5 15. Bd3 c5 16. Qf3 cxd4 17. cxd4 Qb4 18. Qf2 Rac8 19. f5 exf5 20. Nxf5 gxf5 21.
Qxf5 Qxd4+ 22. Kh1 f6 23. e6 Rfd8 24. exd7 Rc7 25.
Qe6+ Kf8 26. Bg6 Rcxd7 27. Rae1 Bh8 28. Rf3 Qc5 29. Ref1 Re7 30. Rxf6+ Bxf6 31. Rxf6+ Kg7 32. Rf7+ Kh8 33. Qf6+ 1-0

[Event "*** Titled Tuesday Blitz AM"]
[Site "Chess.com"]
[Date "2020.01.07"]
[Round "2"]
[White "Sashadav97"]
[Black "Sethu0025"]
[Result "0-1"]
[WhiteElo "2544"]
[BlackElo "2808"]
[TimeControl "180+2"]
[EndTime "9:22:22 PST"]
[Termination "Sethu0025 won by resignation"]

1. d4 d6 2. e4 g6 3. Nf3 Bg7 4.
Be3 a6 5. Qd2 Nf6 6. Nc3 b5 7. Bh6 O-O 8. Bxg7 Kxg7 9. O-O-O b4 10.
Nd5 Nxe4 11. Qe3 Nf6 12. Nxf6 exf6 13. h4 h5 14. Bd3 Re8 15. Qf4 Bg4 16. Rde1 Nc6 17.
Rxe8 Qxe8 18. Re1 Qd7 19. Kd2 d5 20. Nh2 Be6 21. f3 Rh8 22. Bxa6 Ra8 23. Bd3 Rxa2 24. g4 Qd6 25. Qxd6 cxd6 26. gxh5 gxh5 27. Rb1 Nxd4 28. c3 bxc3+ 29. Kxc3 Nc6 30. Nf1 d4+ 31. Kd2 Ne5 32. Be2 Bf5 0-1

[Event "*** Titled Tuesday Blitz AM"]
[Site "Chess.com"]
[Date "2020.01.07"]
[Round "2"]
[White "Chesswizard_2007"]
[Black "Mazanchenko_Dmitry"]
[Result "1-0"]
[WhiteElo "2499"]
[BlackElo "2220"]
[TimeControl "180+2"]
[EndTime "9:22:24 PST"]
[Termination "Chesswizard_2007 won on time"]

1. d4 g6 2. e4 Bg7 3. Nc3 d6 4. Be3 Nf6 5. f3 c6 6. Qd2 Nbd7 7. g4 Qa5 8. Nge2 b5 9. Ng3 b4 10. Nce2 c5 11. Bg2 h5 12. g5 Nh7 13. h4 Nb6 14.
b3 c4 15. O-O c3 16. Qe1 Ba6 17. f4 Bxe2 18. Qxe2 f6 19. f5 gxf5 20. Nxf5 O-O-O 21. Nxg7 fxg5 22. Bh3+ g4 23. Bg2 Nf6 24. Ne6 Rdg8 25. e5 dxe5 26. dxe5 Qxe5 27. Qa6+ Kd7 28. Nc5+ Ke8 29.
Qb5+ Kf7 30. Rae1 Qg3 31. Bg5 Rxg5 32. hxg5 h4 33. gxf6 h3 34. fxe7+ Kg7 35. Rf7+ Kh6 36. Rf6+ Kg7 37. Rg6+ Kh7 38. Qe2 hxg2 39. e8=Q Rxe8 40. Qxe8 1-0

[Event "*** Titled Tuesday Blitz AM"]
[Site "Chess.com"]
[Date "2020.01.07"]
[Round "2"]
[White "RaunakSadhwani2005"]
[Black "PIwan"]
[Result "1-0"]
[WhiteElo "2762"]
[BlackElo "2510"]
[TimeControl "180+2"]
[EndTime "9:22:31 PST"]
[Termination "RaunakSadhwani2005 won by resignation"]

1. d4 d5 2. Nc3 Nf6 3. Bf4 e6 4. e3 Bd6 5. Nf3 Bxf4 6. exf4 b6 7. Bd3 Ba6 8. O-O O-O 9. Ne2 Bxd3 10. Qxd3 c5 11.
Rfd1 cxd4 12. Nexd4 Qc7 13. Qe3 Nbd7 14. Rac1 Rac8 15. h3 Rfe8 16. Ne5 Ne4 17. f3 Nxe5 18. fxe5 Nc5 19. Nb5 Qe7 20. Nd6 Qh4 21. Rd4 Qh5 22. c4 dxc4 23. Rcxc4 Rcd8 24. b4 Na6 25. Nxe8 Rxe8 26.
Rd7 b5 27. Rf4 Nb8 28. Rdxf7 Nc6 29. Rc7 Nxe5 30. Re4 Ng6 31. Rxe6 Rf8 32. Re8 Qf5 33. Qe6+ Qxe6 34. Rxe6 Nf4 35. Ree7 Nh5 36. Rxa7 Rd8 37. Re5 Nf6 38. Rxb5 h5 39. Rg5 Rd1+ 40. Kf2 Nd5 41.
Raxg7+ Kf8 42. Rd7 Rd2+ 43. Ke1 1-0

[Event "*** Titled Tuesday Blitz AM"]
[Site "Chess.com"]
[Date "2020.01.07"]
[Round "2"]
[White "sergeikim"]
[Black "KerryStead"]
[Result "1-0"]
[WhiteElo "2434"]
[BlackElo "2069"]
[TimeControl "180+2"]
[EndTime "9:22:32 PST"]
[Termination "sergeikim won by checkmate"]

1. d4 c5 2. d5 e5 3. Nc3 d6 4. e4 a6 5. a4 f5 6. Bd3 f4 7. Be2 Nf6 8. Nf3 Be7 9. Nd2 Nbd7 10.
Nc4 b6 11. Ra3 Rb8 12. Rb3 Nf8 13. g3 g5 14. h4 fxg3 15. fxg3 g4 16. Ne3 h5 17.
O-O Ng6 18. Nf5 Bxf5 19. Rxf5 Qc8 20. Bg5 Nd7 21. Qf1 Rf8 22. Bxa6 Qd8 23. Nb5 Bxg5 24. hxg5 Qe7 25. Nc7+ Kd8 26. Ne6+ Ke8 27. Bb5 Rb7 28. Bxd7+ Rxd7 29. Rxb6 Rd8 30. Qb5+ Qd7 31. Ng7+ Ke7 32. Rb7 h4 33. Rxd7+ Rxd7 34. Rxf8 Nxf8 35. Nf5+ Kd8 36. Qb8# 1-0

[Event "*** Titled Tuesday Blitz AM"]
[Site "Chess.com"]
[Date "2020.01.07"]
[Round "2"]
[White "SHIVACalypso"]
[Black "ristingho"]
[Result "1-0"]
[WhiteElo "2277"]
[BlackElo "2503"]
[TimeControl "180+2"]
[EndTime "9:22:35 PST"]
[Termination "SHIVACalypso won by resignation"]

1. Nf3 c5 2. c4 g6 3. g3 Bg7 4. Bg2 Nc6 5. O-O d6 6. Nc3 e6 7. d3 Nge7 8. Rb1 O-O 9. e4 a6 10. a3 Rb8 11. Bd2 b5 12. cxb5 axb5 13. b4 cxb4 14.
axb4 d5 15. exd5 Nxd5 16. Nxd5 exd5 17. Bf4 Ra8 18. d4 Ra4 19. Qd2 Bf5 20. Rb3 Be4 21.
Rc1 Qd7 22. Qc3 Bxf3 23. Qxc6 Qxc6 24. Rxc6 Bxg2 25. Kxg2 Bxd4 26. Rd6 Ra2 27. Rf3 Re8 28. Rxd5 Bg7 29. Rxb5 h6 30. Bd6 f5 31. Bc5 Ree2 32.
Rb8+ Kf7 33. Rb7+ Kg8 34. Rd3 Bf6 35. Rb8+ Kf7 36. Rd7+ Ke6 37. Rd6+ Kf7 38. Rb7+ Re7 39. Rxf6+ Kxf6 40. Bxe7+ Ke6 41. Bc5 g5 42. Rh7 Ke5 43. Rxh6 1-0

[Event "*** Titled Tuesday Blitz AM"]
[Site "Chess.com"]
[Date "2020.01.07"]
[Round "2"]
[White "WorldChampionBulletChess"]
[Black "Philosopherrr"]
[Result "0-1"]
[WhiteElo "2097"]
[BlackElo "2434"]
[TimeControl "180+2"]
[EndTime "9:22:36 PST"]
[Termination "Philosopherrr won by resignation"]

1. d4 Nf6 2. Nf3 e6 3. g3 b6 4. Bg2 Bb7 5. O-O c5 6. c3 Be7 7. Re1 O-O 8. b3 cxd4 9. Qxd4 Nc6 10. Qd1 d5 11. Bb2 Rc8 12. Nbd2 Qc7 13. Rc1 Rfd8 14. Qc2 b5 15. Qb1 Qb6 16. c4 dxc4 17. bxc4 b4 18.
e4 Bc5 19. Re2 Ng4 20. Rf1 Nd4 21. Nxd4 Bxd4 22. Bxd4 Rxd4 23. c5 Qb5 24. Nb3 Rdd8 25. Rc2 a5 26. h3 Ne5 27. Rd1 a4 28. Nd4 Qa5 29. f4 Nc6 30. Nxc6 Bxc6 31. Rd6 Bb5 32. e5 Bd3 33. Rd2 Bxb1 34. Rxd8+ Rxd8 35. Rxd8+ Qxd8 36. c6 0-1

[Event "*** Titled Tuesday Blitz AM"]
[Site "Chess.com"]
[Date "2020.01.07"]
[Round "2"]
[White "chess4ever007"]
[Black "NZT72"]
[Result "0-1"]
[WhiteElo "2240"]
[BlackElo "2523"]
[TimeControl "180+2"]
[EndTime "9:22:37 PST"]
[Termination "NZT72 won by resignation"]

1. d4 Nf6 2. c4 e6 3. Nf3 d5 4. Nc3 Bb4 5. Bg5 h6 6. Bxf6 Qxf6 7. Qa4+ Nc6 8. e3 O-O 9. Be2 dxc4 10. Bxc4 e5 11.
O-O exd4 12. Nd5 Qd6 13. Nxb4 Qxb4 14. Qxb4 Nxb4 15. Nxd4 c5 16. Nb5 a6 17. Nd6 b5 18.
Be2 Be6 19. a3 Nd5 20. Rfd1 Nb6 21. Ne4 Na4 22. Rd2 Rad8 23. Rad1 Rxd2 24. Rxd2 Rc8 25. Bd1 Nb6 26. b3 c4 27. bxc4 Nxc4 28. Rd3 Nb2 29. Rd2 Rc1 0-1

[Event "*** Titled Tuesday Blitz AM"]
[Site "Chess.com"]
[Date "2020.01.07"]
[Round "2"]
[White "Angry_Serb"]
[Black "Last7Samurai"]
[Result "1-0"]
[WhiteElo "2644"]
[BlackElo "2821"]
[TimeControl "180+2"]
[EndTime "9:22:43 PST"]
[Termination "Angry_Serb won by checkmate"]

1. d4 Nf6 2. Nc3 d5 3. Bf4 e6 4. a3 a6 5. e3 c5 6. Nf3 b5 7.
Ne5 Bb7 8. g4 Nfd7 9. Bg2 Nxe5 10. Bxe5 Nc6 11. Bg3 Rc8 12. Qd2 Be7 13. O-O O-O 14. Rad1 Na5 15. Ne2 Nc4 16. Qc1 cxd4 17. exd4 a5 18. c3 b4 19. axb4 axb4 20. Nf4 bxc3 21. bxc3 Ba6 22. Nd3 Nd6 23. Qa1 Ra8 24. Qb2 Ne4 25. Rfe1 Nxg3 26. hxg3 Qb8 27. Qd2 Qc7 28. Ne5 Rac8 29. Re3 Rb8 30. Ra1 Bb5 31.
Bf3 Bg5 32. Kg2 Bxe3 33. Qxe3 Rfc8 34. Rc1 Qd6 35. g5 Qa3 36. Bh5 g6 37. Bd1 Ba4 38.
Bxa4 Qxa4 39. Ng4 Rb2 40. Qe5 Rcb8 41. Rh1 Qc2 42. Nf6+ Kf8 43. Qd6+ Kg7 44. Rxh7# 1-0

[Event "*** Titled Tuesday Blitz AM"]
[Site "Chess.com"]
[Date "2020.01.07"]
[Round "2"]
[White "szefru"]
[Black "boasovietica"]
[Result "0-1"]
[WhiteElo "2113"]
[BlackElo "2443"]
[TimeControl "180+2"]
[EndTime "9:22:45 PST"]
[Termination "boasovietica won by checkmate"]

1. c4 c5 2. Nf3 Nc6 3. Nc3 e5 4. e4 g6 5. d3 Bg7 6. Be2 Nge7 7. Be3 d6 8. O-O O-O 9. Bg5 f6 10. Bh4 Be6 11. a3 Qd7 12. Qd2 h6 13. Ne1 f5 14.
Bxe7 Nxe7 15. b4 f4 16. bxc5 dxc5 17. Nd5 Nc6 18. Nc2 g5 19. Rab1 g4 20. f3 g3 21.
hxg3 fxg3 22. Rfd1 Rf7 23. Kf1 Bf8 24. Ke1 Rb8 25.
Bf1 a6 26. Rb2 b5 27. Rdb1 Nd4 28. Nxd4 cxd4 29. cxb5 axb5 30. Nb4 Kh7 31. Be2 Rf4 32. Bd1 h5 33. Bb3 Bh6 34. Bxe6 Qxe6 35. Qd1 Rh4 36. Ke2 Rh2 37. Qg1 Qh3 38. Kf1 Qh4 39. Re1 Rh1 40. Qxh1 Qxh1+ 41. Ke2 Qxg2+ 42. Kd1 Qxb2 43. Nd5 Qd2# 0-1

[Event "*** Titled Tuesday Blitz AM"]
[Site "Chess.com"]
[Date "2020.01.07"]
[Round "2"]
[White "RubensCezila"]
[Black "Genghis_K"]
[Result "0-1"]
[WhiteElo "2600"]
[BlackElo "2888"]
[TimeControl "180+2"]
[EndTime "9:22:48 PST"]
[Termination "Genghis_K won by resignation"]

1. Nf3 Nf6 2. b3 d5 3. Bb2 Bg4 4. e3 Nbd7 5. Be2 e6 6. c4 Bd6 7. h3 Bh5 8. O-O O-O 9. Nc3 c6 10. d4 Qe7 11. cxd5 exd5 12. Nh4 Bg6 13. Nxg6 hxg6 14.
Bd3 Rfe8 15. Rc1 Rad8 16. Qc2 Nf8 17. Rfe1 Ne6 18. Na4 Bb8 19. Nc5 Qc7 20. g3 Ng5 21. Kg2 Nge4 22. Nxe4 Nxe4 23. Bf1 Re6 24. f4 Rde8 25.
Rcd1 Nd6 26. Bc1 Nf5 27. Qf2 Qe7 28. Rd3 Bc7 29. a3 a5 30. a4 Bd6 31. g4 Nh4+ 32.
Kg1 g5 33. f5 Rf6 34. Rdd1 Qe4 35. Bd3 Qf3 36. Qxf3 Nxf3+ 37. Kf2 Nxe1 38. Rxe1 Rh6 39. Kg2 f6 40. e4 dxe4 41. Rxe4 Rxe4 42. Bxe4 Kf8 43.
d5 c5 44. Bd2 b6 45. Be3 Ke7 46. Bd2 Be5 47. Be1 Kd6 48. Bf2 Rh8 49. Be1 Rc8 50. Bf2 c4 51. bxc4 Rxc4 52. Bf3 Rxa4 53. Bxb6 Ra2+ 54.
Kf1 a4 55. Ba5 Rb2 0-1

[Event "*** Titled Tuesday Blitz AM"]
[Site "Chess.com"]
[Date "2020.01.07"]
[Round "2"]
[White "mazetofonias"]
[Black "Andrii_Prydun"]
[Result "1-0"]
[WhiteElo "2688"]
[BlackElo "2367"]
[TimeControl "180+2"]
[EndTime "9:22:49 PST"]
[Termination "mazetofonias won by resignation"]

1. e4 c6 2. Nf3 d5 3. exd5 cxd5 4. c4 Nf6 5. cxd5 Nxd5 6. Nc3 Nc6 7. Bb5 Nc7 8. Bc4 Be6 9. Be2 g6 10. d4 Bg7 11.
Be3 O-O 12. O-O Nd5 13. Rc1 Nxe3 14. fxe3 Bg4 15. Ng5 Bxe2 16. Qxe2 e5 17. d5 Qxg5 18. dxc6 bxc6 19. Ne4 Qh4 20. Rc4 f5 21. Nd6 e4 22.
Rxc6 Be5 23. g3 Qe7 24. Qc4+ Kh8 25. Rd1 Rad8 26. Nf7+ Kg7 27. Rxd8 Rxd8 28. Nxd8 Qxd8 29. Qc2 Qg5 30. Qf2 h5 31. Rc5 Qe7 32. Rd5 h4 33. gxh4 Qc7 34. Qd2 Kf6 35. Rd7 Bxh2+ 36. Kh1 Qg3 37.
Qc3+ Qe5 38. Qc6+ Qe6 39. Qxe6+ 1-0

[Event "*** Titled Tuesday Blitz AM"]
[Site "Chess.com"]
[Date "2020.01.07"]
[Round "2"]
[White "GelmanAlexander"]
[Black "talento10"]
[Result "0-1"]
[WhiteElo "2485"]
[BlackElo "2244"]
[TimeControl "180+2"]
[EndTime "9:22:50 PST"]
[Termination "talento10 won on time"]

1. e4 c5 2. b4 b6 3. a3 e5 4. Bc4 Nf6 5. Nf3 Bd6 6. d3 h6 7.
bxc5 bxc5 8. Nc3 O-O 9. g4 Nc6 10. g5 hxg5 11. Bxg5 Be7 12. Rg1 d6 13. Bh6 Ng4 14. Bd2 Rb8 15. Nd5 Be6 16. h3 Nf6 17.
Bh6 Ne8 18. Ng5 Nd4 19. Qh5 Bxg5 20. Rxg5 Nxc2+ 21. Kf1 Nxa1 22. Bxg7 Nxg7 23. Qh6 Qxg5 24. Qxg5 Rb1+ 25. Kg2 Bxd5 26. Bxd5 Nc2 27. h4 Ne1+ 28. Kg3 Nxd3 29. Kh2 Rb2 30. h5 Rxf2+ 31. Kg1 Rb8 0-1

[Event "*** Titled Tuesday Blitz AM"]
[Site "Chess.com"]
[Date "2020.01.07"]
[Round "2"]
[White "EugeneRougon"]
[Black "MidnightFox"]
[Result "1-0"]
[WhiteElo "2726"]
[BlackElo "2391"]
[TimeControl "180+2"]
[EndTime "9:22:52 PST"]
[Termination "EugeneRougon won by checkmate"]

1. e4 e5 2. Nf3 Nc6 3. Bb5 a6 4. Ba4 Nf6 5. d3 b5 6. Bb3 Bc5 7. a4 Rb8 8. O-O d6 9. c3 h6 10.
Nbd2 O-O 11. Re1 Bb6 12. h3 Bb7 13. Nf1 Ne7 14. Ng3 Ng6 15. a5 Ba7 16. Be3 Bxe3 17. fxe3 d5 18. exd5 Bxd5 19. d4 Re8 20. Bc2 e4 21. Nd2 Qd6 22. Nf5 Qe6 23. Rf1 Ne7 24.
Ng3 Rbd8 25. Nb3 Qd6 26. Qe1 Bc4 27. Rf4 Ned5 28. Nf5 Qf8 29. Rf2 Nh5 30. Nc5 g6 31. Bd1 Ng7 32. Nxh6+ Kh7 33. Rxf7 Kxh6 34. Qh4+ Nh5 35.
Rxf8 Rxf8 36. Ne6 Rf1+ 37. Kh2 Re8 38. Bxh5 Rxa1 39. Bg4# 1-0

[Event "*** Titled Tuesday Blitz AM"]
[Site "Chess.com"]
[Date "2020.01.07"]
[Round "2"]
[White "LogoCzar"]
[Black "kinga2008"]
[Result "1-0"]
[WhiteElo "2399"]
[BlackElo "1840"]
[TimeControl "180+2"]
[EndTime "9:22:52 PST"]
[Termination "LogoCzar won by resignation"]

1. e4 c5 2. Nf3 d5 3. exd5 Qxd5 4. Nc3 Qd8 5. Bc4 e6 6. d4 Nc6 7. d5 exd5 8. Nxd5 Be6 9. Bf4 Bxd5 10. Bxd5 Nf6 11.
Bxc6+ bxc6 12. O-O Be7 13. Re1 O-O 14. Qxd8 Bxd8 15. Bd6 Re8 16. Bxc5 Bc7 17. Kf1 Nd5 18. g3 a5 19. c4 Nb6 20. b3 a4 21. Nd4 Nd7 22. b4 Nxc5 23. bxc5 Be5 24. Rad1 Bxd4 25. Rxd4 Rxe1+ 26. Kxe1 Kf8 27. Rd6 Rc8 28. Kd2 Ke7 29. Kc3 Rc7 30. Kb4 f6 31. Kxa4 Ra7+ 32. Kb3 Rb7+ 33. Kc3 Rc7 34. a4 g5 35. a5 h5 36. a6 f5 37. f4 gxf4 38. gxf4 Rc8 39.
Kb4 Rb8+ 40. Ka5 Rb2 41. a7 Rxh2 42. Kb6 Rb2+ 43. Kxc6 1-0

[Event "*** Titled Tuesday Blitz AM"]
[Site "Chess.com"]
[Date "2020.01.07"]
[Round "2"]
[White "Fandorine"]
[Black "lestri"]
[Result "1-0"]
[WhiteElo "2893"]
[BlackElo "2600"]
[TimeControl "180+2"]
[EndTime "9:22:55 PST"]
[Termination "Fandorine won by resignation"]

1. e4 d6 2. d4 Nf6 3. Bd3 e5 4. c3 Nc6 5. Nf3 g6 6. h3 Bg7 7.
O-O O-O 8. Re1 Re8 9. Nbd2 Nh5 10. d5 Nb8 11. Nf1 a5 12. Bg5 Bf6 13. Be3 Nf4 14. Bxf4 exf4 15. Qc1 Be5 16. Nxe5 dxe5 17. Nh2 Nd7 18.
c4 Nc5 19. Qc3 f5 20. exf5 Nxd3 21. Qxd3 Bxf5 22. Qb3 b6 23. Nf3 Qd6 24. Qc3 e4 25. Nd4 Bd7 26. b3 Re7 27. Rad1 Rae8 28. Re2 e3 29.
Rde1 exf2+ 30. Kxf2 Qf6 31. Rxe7 Rxe7 32. Rxe7 Qxe7 33. Nf3 Qe4 34. Kg1 Qe7 35. Qd4 g5 36. Kh2 Bf5 37. a3 Bg6 38. b4 axb4 39. axb4 Qxb4 40.
Nxg5 Qd6 41. Ne6 f3+ 42. Kg1 Qe7 43. gxf3 Bf5 44. Qe5 Bxh3 45. Qg3+ 1-0

[Event "*** Titled Tuesday Blitz AM"]
[Site "Chess.com"]
[Date "2020.01.07"]
[Round "2"]
[White "gui_borba"]
[Black "shyam"]
[Result "1-0"]
[WhiteElo "2291"]
[BlackElo "2692"]
[TimeControl "180+2"]
[EndTime "9:22:55 PST"]
[Termination "gui_borba won by resignation"]

1. e4 e5 2. Nf3 Nc6 3. Bc4 Bc5 4.
c3 Nf6 5. d3 d6 6. O-O a5 7. a4 Bb6 8. h3 h6 9. Na3 Qe7 10. Nc2 g5 11. Be3 g4 12. hxg4 Bxg4 13. Bxb6 cxb6 14. Ne3 Rg8 15. Nxg4 Rxg4 16. g3 O-O-O 17.
Kg2 Rdg8 18. Rh1 h5 19. Kf1 Kb8 20. Nh4 Qd7 21. Qf3 Qd8 22. Nf5 Rh8 23. Bxf7 Ne7 24. Ne3 Nc6 25. Nxg4 hxg4 26. Rxh8 Qxh8 27. Qg2 Ne7 28.
Ke2 Qg7 29. Bc4 Ka7 30. Rg1 Qg6 31. Rh1 d5 32. exd5 e4 33. dxe4 Nxe4 34. Bd3 Nxc3+ 35.
bxc3 Qf6 36. Qe4 Nc8 37. Rh7 Nd6 38. Qe3 Qxc3 39. Rh6 Qb2+ 40. Kf1 Qa3 41. Bb5 Qb4 42. Kg2 Nf5 43. Qxb6+ 1-0

[Event "*** Titled Tuesday Blitz AM"]
[Site "Chess.com"]
[Date "2020.01.07"]
[Round "2"]
[White "ShahMatKanal"]
[Black "Mikasinski"]
[Result "1-0"]
[WhiteElo "2525"]
[BlackElo "2296"]
[TimeControl "180+2"]
[EndTime "9:22:55 PST"]
[Termination "ShahMatKanal won by checkmate"]

1. d4 Nf6 2. c4 g6 3. Nc3 Bg7 4. e4 d6 5. Be2 O-O 6. Nf3 e5 7.
d5 a5 8. O-O Na6 9. Qc2 Nc5 10.
Bg5 h6 11. Be3 Ng4 12. Bxc5 dxc5 13. h3 Nf6 14. Nxe5 Nxd5 15. cxd5 Bxe5 16. f4 Bd4+ 17.
Kh2 c6 18. dxc6 bxc6 19. Rad1 Qh4 20. Qd3 Ba6 21. Qf3 Bxe2 22. Nxe2 Bxb2 23. e5 a4 24. Ng3 Bd4 25. Ne4 Kh8 26. Nf6 g5 27. g3 g4 28. Nxg4 Qh5 29. Qxc6 Qg6 30. Qg2 Rab8 31. Rd2 h5 32. Nf6 a3 33. Nd7 Rfd8 34. Nxb8 Rxb8 35. f5 Qg5 36. e6 fxe6 37. fxe6 Be5 38.
Rdf2 h4 39. Rf8+ Rxf8 40. Rxf8+ Kg7 41. Qb7+ Kxf8 42. Qf7# 1-0

[Event "*** Titled Tuesday Blitz AM"]
[Site "Chess.com"]
[Date "2020.01.07"]
[Round "2"]
[White "AwareIdea"]
[Black "angryhorse9"]
[Result "1-0"]
[WhiteElo "2517"]
[BlackElo "2259"]
[TimeControl "180+2"]
[EndTime "9:22:56 PST"]
[Termination "AwareIdea won by resignation"]

1. d4 Nf6 2. c4 e6 3. g3 Bb4+ 4. Bd2 Be7 5. Bg2 d5 6. Nf3 O-O 7. O-O c6 8. Qc2 Nbd7 9. Bf4 b6 10. Rd1 Bb7 11. Nc3 Nh5 12. Be5 f6 13. Bf4 Nxf4 14. gxf4 Bd6 15. e3 Qe7 16. Qb3 Kh8 17. Rac1 Rac8 18.
cxd5 cxd5 19. Nb5 Bb8 20. Qa3 Qxa3 21. Nxa3 a6 22. Bf1 b5 23. Nc2 Bd6 24. Nce1 Kg8 25. Nd3 Kf7 26. b4 Nb6 27. Nc5 Bxc5 28. bxc5 Nc4 29. Nd2 g5 30. fxg5 Rg8 31. Nf3 h6 32.
h4 hxg5 33. hxg5 fxg5 34. Bxc4 dxc4 35. Ne5+ Kf6 36. f3 Rh8 37. Rd2 Rh7 38. Rh2 Rxh2 39. Kxh2 Rh8+ 40. Kg3 Bc8 41. a4 Rh7 42. axb5 axb5 43.
Rb1 Rb7 44. c6 Rb6 45. Nxc4 Rxc6 46. Ne5 Rb6 47. Rc1 b4 48. Rxc8 b3 49. Rc1 1-0

[Event "*** Titled Tuesday Blitz AM"]
[Site "Chess.com"]
[Date "2020.01.07"]
[Round "2"]
[White "Ariadna_Atreides"]
[Black "Artem_Ilyin"]
[Result "0-1"]
[WhiteElo "2062"]
[BlackElo "2531"]
[TimeControl "180+2"]
[EndTime "9:22:57 PST"]
[Termination "Artem_Ilyin won by resignation"]

1. d4 Nf6 2. Nf3 e6 3. e3 d5 4. Bd3 c5 5. b3 Be7 6. O-O O-O 7.
Bb2 b6 8. Nbd2 Ba6 9. Ne5 Bxd3 10. cxd3 Qc8 11. dxc5 bxc5 12. f4 Qb7 13. Ndf3 a5 14. Rb1 Na6 15. Qe2 Nb4 16. Ba1 Ne8 17. Rfc1 f6 18. Ng4 Rc8 19. Nf2 Nd6 20. h3 Nb5 21. Qb2 Rfd8 22. a3 Nc6 23. d4 cxd4 24. a4 Nc3 25. Nxd4 Nxd4 26. Rxc3 Rxc3 27. exd4 Rc6 28. Nd3 Rdc8 29. Qe2 Qd7 30. Re1 Bf8 31. Kh2 Rc2 32. Qxe6+ Qxe6 33. Rxe6 Ra2 34. Bb2 Rc2 35. Bc1 Rxg2+ 36.
Kh1 Rg3 37. h4 Rxd3 0-1

[Event "*** Titled Tuesday Blitz AM"]
[Site "Chess.com"]
[Date "2020.01.07"]
[Round "2"]
[White "Indianlad"]
[Black "Oligan22"]
[Result "1-0"]
[WhiteElo "2933"]
[BlackElo "2481"]
[TimeControl "180+2"]
[EndTime "9:23:00 PST"]
[Termination "Indianlad won on time"]

1. Nf3 d5 2. d4 e6 3. c4 a6 4. Bg5 Nf6 5. Nbd2 Be7 6. g3 h6 7. Bxf6 Bxf6 8. Bg2 O-O 9. O-O c5 10. dxc5 Bxb2 11. Rb1 Bf6 12. cxd5 exd5 13. Qb3 Re8 14. e3 Nc6 15. Rfd1 Qe7 16. Rbc1 Be6 17. Qa4 Rac8 18. Nb3 Red8 19. Nbd4 Nxd4 20. exd4 Bg4 21. Re1 Qd7 22.
Qxd7 Rxd7 23. Ne5 Bxe5 24. Rxe5 Be6 25. f4 g6 26. Rb1 Rc6 27. a4 f6 28. Re3 Kf7 29.
a5 Bf5 30. Rxb7 Rxb7 31. Bxd5+ Kf8 32. Bxc6 Rb1+ 33. Kf2 Rd1 34. d5 Rc1 35. d6 Rxc5 36. d7 Rc2+ 37. Ke1 Bxd7 38. Bxd7 Rxh2 39. Re6 Rg2 40. Rxa6 Rxg3 41. Ra8+ Ke7 42. a6 1-0

[Event "*** Titled Tuesday Blitz AM"]
[Site "Chess.com"]
[Date "2020.01.07"]
[Round "2"]
[White "miroslavsavic"]
[Black "BeanScreen"]
[Result "1-0"]
[WhiteElo "2068"]
[BlackElo "2413"]
[TimeControl "180+2"]
[EndTime "9:23:00 PST"]
[Termination "miroslavsavic won by resignation"]

1. Nf3 d5 2. d4 Nf6 3. c4 dxc4 4.
Nc3 a6 5. a4 e6 6. e3 c5 7. Bxc4 Nc6 8. O-O Be7 9. dxc5 Bxc5 10. Qxd8+ Kxd8 11. Rd1+ Ke7 12. Nd4 Bd7 13. Nce2 Rhd8 14.
b3 e5 15. Nxc6+ Bxc6 16. Bb2 Rxd1+ 17. Rxd1 b5 18. Bd3 bxa4 19. Rc1 Nd7 20. bxa4 Bxa4 21. Be4 Rb8 22. Bxe5 Nxe5 23. Rxc5 Ng4 24. h3 Nf6 25.
Bd3 Bb5 26. Nc1 Bxd3 27. Nxd3 Rb3 28. Ne5 Rb1+ 29. Kh2 Ne4 30. Rc2 f6 31. Nc6+ Kd6 32.
f3 Nc5 33. Na5 Nd3 34. Rd2 Kc5 35. Rxd3 Kb5 36. Nb7 Kc6 37. Nd8+ Kc5 38. Ne6+ Kc4 39. Ra3 Rb6 40. Nxg7 1-0

[Event "*** Titled Tuesday Blitz AM"]
[Site "Chess.com"]
[Date "2020.01.07"]
[Round "2"]
[White "AntonSmirnov"]
[Black "Kubas1010"]
[Result "0-1"]
[WhiteElo "2890"]
[BlackElo "2627"]
[TimeControl "180+2"]
[EndTime "9:23:01 PST"]
[Termination "Kubas1010 won by resignation"]

1. e4 e5 2. Nf3 Nc6 3. Bb5 a6 4.
Bxc6 dxc6 5. O-O Bg4 6. h3 Bh5 7. d3 f6 8. Be3 c5 9. Nbd2 Bd6 10. a4 Ne7 11. a5 Nc6 12. c3 O-O 13. Qb3+ Bf7 14.
Nc4 Qd7 15. Qa3 Rfd8 16. Rfd1 Bf8 17. Rd2 Nd4 18. Nh2 Qb5 19. Rdd1 Nc2 20. Qa2 Nxa1 21. Qxa1 Qb3 22. Nf3 Bxc4 23. Nd2 Qa2 24. dxc4 Qxa1 25. Rxa1 b5 26. cxb5 axb5 27. c4 c6 28. a6 Rd7 29.
cxb5 cxb5 30. Ra5 Rda7 31. Rxb5 Rxa6 32. Nc4 Ra4 33. Nb6 Ra1+ 34. Kh2 Rb8 35. b4 cxb4 36.
Rd5 Ra6 37. Nd7 Rb7 38. Bc5 Rxd7 39. Rxd7 0-1

[Event "*** Titled Tuesday Blitz AM"]
[Site "Chess.com"]
[Date "2020.01.07"]
[Round "2"]
[White "viditchess"]
[Black "korbul"]
[Result "1-0"]
[WhiteElo "2989"]
[BlackElo "2656"]
[TimeControl "180+2"]
[EndTime "9:23:03 PST"]
[Termination "viditchess won by resignation"]

1. e4 c5 2. Nf3 e6 3. d4 cxd4 4. Nxd4 Nf6 5. Nc3 d6 6. g3 Be7 7. Bg2 O-O 8. O-O Nc6 9. b3 Qc7 10. Bb2 a6 11. Re1 Bd7 12. Qd2 Rac8 13. a4 Rfd8 14. Nxc6 Bxc6 15. a5 d5 16. exd5 Nxd5 17. Nxd5 Bxd5 18. Bxd5 Rxd5 19. Qe2 Rxa5 20. Be5 Qb6 21.
Qg4 Bf8 22. Rad1 Rd8 23. c4 Rxd1 24. Qxd1 Ra2 25. Re3 Qa5 26. Qd7 Qd2 27. Qxd2 Rxd2 28. Bf4 Rd1+ 29. Kg2 h6 30. Rc3 Bb4 31. Rc2 Rd3 32.
Rb2 g5 33. Be3 g4 34. Kf1 h5 35. Ke2 Rd7 36. Rc2 f5 37. c5 Kf7 38. c6 Rc7 39. cxb7 Rxc2+ 40. Kd1 Bd6 41. Kxc2 Bb8 42. Kd3 e5 43.
Kc4 Ke6 44. Kc5 Bc7 45. Kc6 Bb8 46. Bb6 f4 47. Bc7 Ba7 48. gxf4 e4 49. b8=Q Bxb8 50. Bxb8 h4 51. Ba7 Kf5 52. Be3 g3 53. fxg3 hxg3 54. hxg3 Kg4 55. Kd5 Kf3 56. Kd4 1-0